 Dungeon Crawl Stone Soup version 0.24-b1-44-g37ad8b309f (webtiles) character file.

Game seed: 2097267633911514241, levelgen mode: deterministic

1559 Emblim88 the Skirmisher (level 8, -3/73 HPs)
             Began as a Minotaur Monk on Oct 24, 2019.
             Slain by an ice beast (13 damage)
             ... on level 6 of the Dungeon.
             The game lasted 00:12:44 (5934 turns).

Emblim88 the Skirmisher (Minotaur Monk)             Turns: 5934, Time: 00:12:45

Health: -3/73      AC:  7    Str: 12    XL:     8   Next: 58%
Magic:  16/16      EV: 14    Int: 10    God:
Gold:   222        SH:  0    Dex: 14    Spells: 7/7 levels left

rFire    . . .     SeeInvis +   m - +0 whip "Kyimotu" {flame, MP+9 Str-5 Int+3 Stlth+}
rCold    . . .     Gourm    .   (no shield)
rNeg     . . .     Faith    .   j - +0 ring mail
rPois    .         Spirit   .   (helmet restricted)
rElec    .         Reflect  .   (no cloak)
rCorr    .         Harm     .   (no gloves)
MR       .....                  t - +0 pair of boots
Stlth    ++........             (no amulet)
HPRegen  0.22/turn              s - ring of see invisible
MPRegen  0.15/turn              u - ring of wizardry

@: no status effects
A: retaliatory headbutt, horns 2
a: no special abilities


You were on level 6 of the Dungeon.
You were not hungry.

You visited 1 branch of the dungeon, and saw 6 of its levels.
You also visited: Sewer.

You collected 222 gold pieces.

Inventory:

Hand Weapons
 m - the +0 whip "Kyimotu" (weapon) {flame, MP+9 Str-5 Int+3 Stlth+}
   (You took it off a centaur on level 5 of the Dungeon)

   It has been specially enchanted to burn those struck by it, causing extra
   injury to most foes and up to half again as much damage against particularly
   susceptible opponents.
   It affects your strength (-5).
   It affects your intelligence (+3).
   It affects your magic capacity (+9).
   It makes you more stealthy.
 w - a +0 long sword
Armour
 j - a +0 ring mail (worn)
 t - a +0 pair of boots (worn)
Jewellery
 s - a ring of see invisible (left hand)
 u - a ring of wizardry (right hand)
 v - an uncursed amulet of harm {unknown}
Scrolls
 d - 2 scrolls of fog {unknown}
 f - 5 scrolls of amnesia {unknown}
 h - 3 scrolls of enchant armour {unknown}
 i - 2 scrolls of teleportation {unknown}
 l - 2 scrolls of noise {unknown}
 n - a scroll of remove curse {unknown}
 o - 2 scrolls of fear {unknown}
 q - 5 scrolls of identify {unknown}
 y - a scroll of blinking {unknown}
Potions
 a - a potion of mutation {unknown}
 b - a potion of resistance {unknown}
 e - 3 potions of might
 g - 4 potions of curing
 k - a potion of lignification {unknown}
 p - a potion of cancellation {unknown}
 r - a potion of haste {unknown}
 x - a potion of magic {unknown}
 z - a potion of brilliance {unknown}
 A - a potion of agility {unknown}
Comestibles
 c - a ration


   Skills:
 + Level 7.4 Fighting
 + Level 7.4 Long Blades
 + Level 6.3 Armour
 + Level 6.7 Dodging
 - Level 1.5 Stealth


You had 7 spell levels left.
You didn't know any spells.
Your spell library was empty.

Dungeon Overview and Level Annotations

Branches:
Dungeon (6/15)              Sewer (visited)
 Temple: D:4-7

Altars:
Makhleb

Annotations:
D:5 3 runed translucent doors, Iskender's ghost, amateur OpCK


Innate Abilities, Weirdness & Mutations

You reflexively headbutt those who attack you in melee.
You have a pair of horns on your head.


Message History

The ice beast hits you but does no damage.
You closely miss the ice beast.
The ice beast is almost dead.
The ice beast hits you but does no damage.
You barely miss the ice beast.
You headbutt the ice beast, but do no damage.
The ice beast is almost dead.
The ice beast hits you but does no damage.
You hit the ice beast but do no damage.
The ice beast is almost dead.
The ice beast hits you but does no damage.
You hit the ice beast but do no damage.
The ice beast is almost dead.
The ice beast completely misses you.
You closely miss the ice beast.
The ice beast is almost dead.
The ice beast hits you.
* * * LOW HITPOINT WARNING * * *
The ice beast freezes you!
You die...

#....#### #........#
#....#..# #........#
'##....#..#
#.%......##..#....'.^+
#............#....#..#
#...........#....#).#
##...........#....#..#
#....Y.......#....#..#
#....@.......#....+..#
#............#....#'##
#............#....>...
#............#........
#............#........
#............#........
#............#........
#............#........
#............#........


You could see an ice beast.

Vanquished Creatures
  An ice beast (D:6)
  A sky beast (D:6)
  2 ogres (D:4)
  3 centaurs
  A bullfrog (D:6)
  A howler monkey (D:6)
  A centaur zombie (D:6)
  6 hounds
  An orc priest (D:6)
  6 orc wizards
  A bullfrog skeleton (D:4)
  2 iguanas (D:4)
  2 worker ants
  4 gnolls (D:6)
  14 adders
  A shadow imp (D:3)
  2 oozes
  2 adder zombies
  2 adder skeletons
  4 worms
  3 dart slugs
  2 leopard geckos
  18 orcs
  3 ball pythons (Sewer)
  10 giant cockroaches
  3 goblins
  8 hobgoblins
  9 jackals
  15 kobolds
  A quokka (D:5)
  9 bats
  5 frilled lizards
  A quokka zombie (D:6)
  8 rats
  A rat zombie (D:6)
  A plant (Sewer)
154 creatures vanquished.

Vanquished Creatures (others)
  A plant (Sewer)
1 creature vanquished.

Grand Total: 155 creatures vanquished

Notes
Turn   | Place    | Note
-------+----------+-------------------------------------------
     0 | D:1      | Emblim88 the Minotaur Monk began the quest for the Orb.
     0 | D:1      | Reached XP level 1. HP: 19/19 MP: 0/0
   136 | D:1      | Reached XP level 2. HP: 24/27 MP: 1/1
   154 | D:1      | Reached skill level 1 in Armour
   895 | D:2      | Reached XP level 3. HP: 29/33 MP: 2/2
  1064 | D:2      | Found a faded altar of an unknown god.
  1253 | D:2      | Reached XP level 4. HP: 38/41 MP: 3/3
  2000 | D:3      | Reached XP level 5. HP: 41/47 MP: 4/4
  2176 | D:4      | Noticed an ogre
  2185 | D:4      | Killed an ogre
  2185 | D:4      | Reached skill level 5 in Fighting
  2185 | D:4      | Reached skill level 5 in Long Blades
  2250 | D:4      | Reached XP level 6. HP: 25/56 MP: 5/5
  2609 | D:4      | Reached skill level 5 in Dodging
  2694 | D:4      | Reached XP level 7. HP: 62/62 MP: 6/6
  3076 | D:5      | Entered Level 5 of the Dungeon
  3255 | D:5      | Identified the +0 whip "Kyimotu" {flame, MP+9 Str-5 Int+3
                  | Stlth+}
  3261 | D:5      | Reached skill level 5 in Armour
  3272 | D:5      | Found a runed translucent gate.
  3272 | D:5      | Found a runed translucent gate.
  3272 | D:5      | Found a runed translucent gate.
  3272 | D:5      | Noticed Iskender's ghost (amateur OpCK)
  3449 | D:5      | Found a burning altar of Makhleb.
  4262 | D:6      | Found a glowing drain.
  4294 | D:6      | Reached XP level 8. HP: 63/71 MP: 7/7
  4302 | Sewer    | Entered a sewer
  5934 | D:6      | Slain by an ice beast

Skill      XL: |  1  2  3  4  5  6  7  8 |
---------------+-------------------------+-----
Armour         | 1 2 3 4 5 6 |  6.3
Long Blades    | 4 5 6 7 |  7.4
Fighting       | 4 5 6 7 |  7.4
Dodging        | 4 5 6 |  6.7
Stealth        | |  1.5

Action                   |  1- 3 |  4- 6 |  7- 9 || total
-------------------------+-------+-------+-------++-------
Melee: Falchion          |    68 |    11 |       ||    79
       Headbutt          |    18 |    32 |    50 ||   100
       Short sword       |       |   131 |    17 ||   148
       Long sword        |       |       |    34 ||    34
       Whip              |       |       |   239 ||   239
  Use: Potion            |       |     2 |     1 ||     3
 Stab: Sleeping          |     4 |       |     1 ||     5
  Eat: Chunk             |     1 |     1 |     3 ||     5
       Ration            |       |     1 |     3 ||     4
Armor: Robe              |     7 |       |       ||     7
       Ring mail         |    12 |    30 |    99 ||   141
Dodge: Dodged            |    39 |    68 |   219 ||   326
       Rpst.: Falchion   |    12 |       |       ||    12
       Long sword        |       |       |     6 ||     6
